 Dungeon Crawl Stone Soup version 0.30-b1-2-g02819fbbbe (webtiles) character file.

Game seed: 2611397211799009382

26 Arcadio the Covered (level 2, -6/27 HPs)
             Began as an Armataur Fighter on May 6, 2023.
             Killed by divine providence
             ... invoked by an orc priest
              (9 damage)
             ... on level 2 of the Dungeon.
             The game lasted 00:02:38 (696 turns).

Arcadio the Covered (Armataur Fighter)               Turns: 696, Time: 00:02:38

Health: -6/27      AC:  7    Str: 21    XL:     2   Next: 89%
Magic:  2/2        EV:  7    Int:  8    God:
Gold:   15         SH:  4    Dex:  9    Spells: 1/1 levels left

rFire   . . .        a - +0 long sword
rCold   . . .        c - +0 buckler
rNeg    . . .        b - +0 scale mail
rPois   .            (no helmet)
rElec   .            (no cloak)
rCorr   .            (no gloves)
SInv    .            (no barding)
Will    .....        (no amulet) Stlth
                     (no ring)
HPRegen 0.24/turn    (no ring)
MPRegen 0.08/turn

%: roll
@: no status effects
A: large, rugged brown scales 3, deformed body, armoured tail, roll, long
tongue, awkward tongue
a: no special abilities


You were on level 2 of the Dungeon.
You visited 1 branch of the dungeon, and saw 2 of its levels.

You collected 15 gold pieces.

Inventory:

Hand Weapons
 a - a +0 long sword (weapon)
 f - a +2 short sword of venom
Missiles
 h - 3 atropa-tipped darts (quivered)
Armour
 b - a +0 scale mail (worn)
 c - a +0 buckler (worn)
 k - a +0 chain mail
Scrolls
 e - a scroll of immolation {unknown}
 i - a scroll of enchant armour
 j - a scroll of summoning {unknown}
 l - a scroll of fear {unknown}
Potions
 d - a potion of might
 g - a potion of ambrosia


   Skills:
 + Level 3.1 Fighting
 + Level 1.0(1.6) Short Blades
 - Level 1.9(2.1) Long Blades
 + Level 4.1 Armour
 - Level 3.2 Shields


You had one spell level left.
You didn't know any spells.
Your spell library was empty.

Dungeon Overview and Level Annotations

Branches:
Dungeon (2/15) Zot: 11282

Altars:


Innate Abilities, Weirdness & Mutations

You are completely covered in rugged brown scales. (AC +3, +7% HP)
Armour fits poorly on your strangely shaped body.
You have a long armoured tail.
You roll when moving toward enemies. (Rampage)
Your long tongue fully drains potion bottles. (2x potion effects)
Your tongue gives you trouble enunciating. (1.5x scroll delay)


Message History

You barely miss the orc priest.
The orc priest is lightly wounded.
The orc priest hits you with a +0 short sword. x2
You hit the orc priest.
The orc priest is heavily wounded.
The orc priest hits you with a +0 short sword.
You barely miss the orc priest. You tail-slap the orc priest.
The orc priest is almost dead.
The orc priest mumbles some strange prayers to Beogh against you.
Pain shoots through your body!
You hit the orc priest but do no damage.
Your tail-slap misses the orc priest.
The orc priest is almost dead.
You block the orc priest's attack.
You hit the orc but do no damage.
The orc priest invokes the aid of Beogh against you.
Beogh smites you!
* * * LOW HITPOINT WARNING * * *
The orc barely misses you.
Sorry, you're not good enough to have a special ability.
Unknown command.
You barely miss the orc. The orc closely misses you.
You hit the orc but do no damage. You block the orc's attack.
The orc barely misses you.
You hit the orc.
The orc is heavily wounded.
The orc closely misses you.
You closely miss the orc.
The orc is heavily wounded.
The orc hits you with a +0 flail.
* * * LOW HITPOINT WARNING * * *
You slash the orc!
You kill the orc!
The orc priest hits you but does no damage.
Your Short Blades skill increases to level 1!
You closely miss the orc priest.
Your tail-slap misses the orc priest.
The orc priest is almost dead.
The orc priest invokes the aid of Beogh against you.
Beogh smites you!
You die...

#.#.# #.#.# #..#
#.#.######..#
#######...........#
.............###.#
............####.#
.............>##.#
..........###.##.#
..........# #.##@#
..........###..#o##
..............ooJg####
.....................#
#######........#........
##############..## ....
... #.


You could see an orc priest, an orc, an endoplasm and a hobgoblin.

Vanquished Creatures
  A dart slug (D:1)
  2 orcs (D:2)
  2 endoplasms (D:1)
  2 hobgoblins (D:1)
  4 kobolds
  2 ball pythons (D:1)
  3 bats
  A frilled lizard (D:1)
  2 goblins (D:1)
  2 rats (D:1)
21 creatures vanquished.

Notes
Turn   | Place    | Note
-------+----------+-------------------------------------------
     0 | D:1      | Arcadio the Armataur Fighter began the quest for the Orb.
     0 | D:1      | Reached XP level 1. HP: 19/19 MP: 1/1
   240 | D:1      | Reached XP level 2. HP: 26/26 MP: 2/2
   374 | D:1      | Reached skill level 4 in Armour
   696 | D:2      | Reached skill level 1 in Short Blades
   696 | D:2      | Killed from afar by an orc priest

Illustrated notes

Levels and vault maps discovered:
D:1:      ncdulo_halloftheorcs, layout_basic
D:2:      layout_basic

Skill      XL: |  1  2 |
---------------+-------+-----
Fighting       | 3 |  3.1
Armour         | 4 |  4.1
Short Blades   | 1 |  1.0
Long Blades    | |  1.9
Shields        | |  3.2

Action                     || total
---------------------------++-------
  Melee: Long sword        ||    59
         Tailslap          ||     4
    Use: Scroll            ||     2
 Armour: Scale mail        ||    29
  Dodge: Dodged            ||    20
  Block: Buckler           ||    13
